 Dungeon Crawl Stone Soup version 0.30-a0-56-ge6a4009bfd (webtiles) character file.

Game seed: 14982334736278780114

56 ytrimaz the Trooper (level 3, -3/29 HPs)
             Began as a Demonspawn Gladiator on Sept 11, 2022.
             Slain by a worm (6 damage)
             ... on level 2 of the Dungeon.
             The game lasted 00:01:06 (1339 turns).

ytrimaz the Trooper (Demonspawn Gladiator)          Turns: 1339, Time: 00:01:06

Health: -3/29      AC:  4    Str: 16    XL:     3   Next: 71%
Magic:  3/3        EV: 12    Int:  9    God:
Gold:   39         SH:  4    Dex: 14    Spells: 2/2 levels left

rFire   . . .      SeeInvis .    a - +0 war axe
rCold   . . .      Faith    .    (no shield)
rNeg    . . .      Spirit   .    b - +0 leather armour
rPois   .          Reflect  .    c - +0 helmet
rElec   .          Harm     .    (no cloak)
rCorr   .          Rampage  .    (no gloves)
Will    .....                    (no boots)
Stlth   +.........               (no amulet)
HPRegen 0.09/turn                (no ring)
MPRegen 0.08/turn                (no ring)

@: no status effects
A: condensation shield
a: no special abilities


You were on level 2 of the Dungeon.
You visited 1 branch of the dungeon, and saw 2 of its levels.

You collected 39 gold pieces.


Innate Abilities, Weirdness & Mutations

A meltable shield of frost defends you. (SH +4)


   Skills:
 * Level 3.5 Fighting
 + Level 3.2 Axes
 - Level 1.7 Throwing
 - Level 2.6 Dodging


You had 2 spell levels left.
You didn't know any spells.
Your spell library was empty.

Inventory:

Hand Weapons
 a - a +0 war axe (weapon)
Missiles
 d - 3 throwing nets (quivered)
 e - a javelin
Armour
 b - a +0 leather armour (worn)
 c - a +0 helmet (worn)
Potions
 g - a potion of berserk rage

Dungeon Overview and Level Annotations

Branches:
Dungeon (2/15) Zot: 10619

Altars:

#########
#.......#
#.......#
+........
#########.......#
#<..............#
#.###....@w.....+
#.# #.###.......#
#.###'#.'.......?
#.......#........
#.......#........
#.......####....#
#..........+)....
#))....#####.....
#))....# ....


You could see a worm.


Message History

Unknown command.
An adder is nearby!
An adder is nearby!
An adder is nearby!
Unknown command.
You are too injured to fight recklessly!
The adder hisses angrily.
The adder closely misses you.
You miss the adder. The adder bites you.
* * * LOW HITPOINT WARNING * * *
The adder barely misses you. 😱 HP[-1]
You take 1 damage, and now have 5/29 hp.
You hit the adder. The adder bites you.
* * * LOW HITPOINT WARNING * * *
😱 HP[-1]
You take 1 damage, and now have 4/29 hp.
Unknown command.
You miss the adder. The adder closely misses you.
The adder bites you but does no damage.
Unknown command.
It was a potion of brilliance.
You feel clever all of a sudden. The adder misses you.
The adder bites you but does no damage.
You miss the adder. You block the adder's attack.
You slash the adder!
You kill the adder!
Key pressed, stopping explore.
Unknown command.
You feel a little less clever now.
Key pressed, stopping explore.
Key pressed, stopping explore.
Unknown command. 😮 HP[+14]
You regained 14 hp, and now have 18/29 hp.
Key pressed, stopping explore.
Key pressed, stopping explore.
You see here a +0 flail.
Things that are here:
a +1 antimagic dagger; an orc skeleton; 😎 HP[+11]
Your hp is fully restored (29).
You now have 39 gold pieces (gained 13).
You open the door. You open the door.
A worm comes into view.
A worm is nearby!
An adder comes into view.
The adder hisses angrily.
There is an open door here.
There are monsters nearby!
The adder barely misses you. The adder bites you but does no damage.
You miss the adder. The adder bites you. 😕 HP[-4]
You take 4 damage, and now have 25/29 hp.
You hit the adder. You hit the worm but do no damage. The adder bites you.
You are poisoned.
The adder poisons you! The adder barely misses you. 😮 HP[-4]
You take 4 damage, and now have 21/29 hp.
You are too injured to fight recklessly!
You hit the worm. You hit the adder.
You feel sick. The adder misses you. You block the worm's attack.
The adder bites you. 😮 HP[-4]
You take 4 damage, and now have 17/29 hp.
Unknown command.
You are too injured to fight recklessly!
You hit the worm. You miss the adder.
You feel sick. The adder barely misses you. The worm misses you. 😮 HP[-1]
You take 1 damage, and now have 16/29 hp.
You hit the worm. You hit the adder.
You kill the adder!
You feel sick.
You are no longer poisoned.
The worm barely misses you.
You are too injured to fight recklessly! 😮 HP[-1]
You take 1 damage, and now have 15/29 hp.
Unknown command.
You are too injured to fight recklessly!
Unknown command.
You are too injured to fight recklessly!
You barely miss the worm. The worm barely misses you. 😮 HP[+1]
You are too injured to fight recklessly!
You hit the worm. The worm bites you!
* * * LOW HITPOINT WARNING * * *
😱 HP[-9]
You take 9 damage, and now have 7/29 hp.
MASSIVE DAMAGE!! (PAUSE)
You barely miss the worm. The worm bites you.
* * * LOW HITPOINT WARNING * * *
You are too injured to fight recklessly! 😱 HP[-4]
You take 4 damage, and now have 3/29 hp.
You barely miss the worm. The worm bites you but does no damage.
You are too injured to fight recklessly!
Unknown command.
You hit the worm. The worm bites you.
You die...

Skill      XL: |  1  2 |
---------------+-------+-----
Axes           | 3 |  3.2
Fighting       | 3 |  3.5
Throwing       | |  1.7
Dodging        | |  2.6

Action                   || total
-------------------------++-------
Melee: War axe           ||   118
       Punch             ||     1
  Use: Scroll            ||     2
       Potion            ||     1
Armor: Leather armour    ||    23
Dodge: Dodged            ||    34
Block: Other             ||     8

Levels and vault maps discovered:
D:1:      spicycebolla_arrival_xxxplode, layout_rooms, serial_forest,
          infiniplex_forest_clump_tiny, infiniplex_forest_lined_2,
          infiniplex_forest_lined_room_2, infiniplex_forest_side_room,
          infiniplex_forest_zigzag_1, infiniplex_forest_corner_2,
          infiniplex_forest_clump_C, infiniplex_forest_straight_4
D:2:      layout_basic, uniq_robin

Notes
Turn   | Place    | Note
-------+----------+-------------------------------------------
     0 | D:1      | ytrimaz the Demonspawn Gladiator began the quest for the
                  | Orb.
     0 | D:1      | Reached XP level 1. HP: 16/16 MP: 1/1
     0 | D:1      | magus.rc [v1.9.6]
   152 | D:1      | Gained mutation: A meltable shield of frost defends you.
                  | (SH +4) [demonic ancestry]
   152 | D:1      | Reached XP level 2. HP: 19/23 MP: 2/2
   295 | D:1      | Reached skill level 3 in Axes
   443 | D:1      | Reached skill level 3 in Fighting
  1015 | D:2      | Reached XP level 3. HP: 23/29 MP: 3/3
  1022 | D:2      | HP: 5/29 [orc/+0 flail (5)]
  1039 | D:2      | HP: 5/29 [adder (2)]
  1336 | D:2      | HP: 7/29 [worm (9)]
  1337 | D:2      | HP: 3/29 [worm (4)]
  1339 | D:2      | Slain by a worm

Vanquished Creatures
  2 adders (D:2)
  2 dart slugs (D:1)
  5 orcs (D:2)
  A ball python (D:1)
  2 bats (D:1)
  An endoplasm (D:1)
  3 giant cockroaches (D:1)
  4 goblins (D:1)
  2 hobgoblins (D:1)
  A quokka (D:1)
  A kobold (D:1)
  3 rats (D:1)
  A bush (D:1)
28 creatures vanquished.

Vanquished Creatures (others)
  3 plants (D:1)
3 creatures vanquished.

Grand Total: 31 creatures vanquished

Table legend:
 A = Non-vault XP
 B = Vault XP
 C = Vault XP percentage of total XP
 D = Non-vault monster count
 E = Vault monster count
 F = Vault count percentage of total count
                 A         B        C        D         E       F
            +---------+---------+-------+---------+---------+-------
      Total |      81 |       0 |   0.0 |      27 |       0 |   0.0
            +---------+---------+-------+---------+---------+-------
        D:1 |      40 |       0 |   0.0 |      20 |       0 |   0.0
        D:2 |      41 |       0 |   0.0 |       7 |       0 |   0.0
            +---------+---------+-------+---------+---------+-------

Illustrated notes

Table legend:
 A = Kills in this place as a percentage of kills in entire the game.
 B = Kills by you in this place as a percentage of kills by you in the entire game.
 C = Kills by friends in this place as a percentage of kills by friends in the entire game.
 D = Other kills in this place as a percentage of other kills in the entire game.
 E = Experience gained in this place as a percentage of experience gained in the entire game.
 F = Experience gained in this place divided by the number of levels of this place that you have seen.
                   A       B       C       D       E      F
               +-------+-------+-------+-------+-------+----------------------
         Total | 100.0 | 100.0 |   N/A |   N/A | 100.0 |  40.5
       Dungeon | 100.0 | 100.0 |   N/A |   N/A | 100.0 |  40.5
               +-------+-------+-------+-------+-------+----------------------

Table legend: (Time is in decaauts)
 A = Elapsed time spent in this place.
 B = Non-inter-level travel time spent in this place.
 C = Inter-level travel time spent in this place.
 D = Time resting spent in this place.
 E = Time spent auto-exploring this place.
 F = Levels seen in this place.
 G = Mean time per level.
                   A        B        C        D        E       F      G
               +--------+--------+--------+--------+--------+-----+--------+
         Total |   1379 |   1320 |     59 |      0 |   1062 |   2 |  689.5 |
       Dungeon |   1379 |   1320 |     59 |      0 |   1062 |   2 |  689.5 |
               +--------+--------+--------+--------+--------+-----+--------+

Top non-repeatable levels by time:
     D:1: 1039 daAuts
     D:2: 340 daAuts
